 Dungeon Crawl Stone Soup version 0.31-a0-187-gba352fbbf7 (webtiles) character file.

Game seed: 8837597594504425492

169 qw the Skirmisher (level 5, -3/29 HPs)
             Began as a Deep Elf Hunter on June 22, 2023.
             Slain by an iguana (8 damage)
             ... on level 3 of the Dungeon.
             The game lasted 00:00:42 (1501 turns).

qw the Skirmisher (Deep Elf Hunter)                 Turns: 1501, Time: 00:00:43

Health: -3/29      AC:  5    Str: 10    XL:     5   Next: 25%
Magic:  7/7        EV: 11    Int: 14    God:
Gold:   64         SH:  0    Dex: 18    Spells: 4/4 levels left

rFire   . . .        Y - +1 shortbow
rCold   + . .        (shield currently unavailable)
rNeg    . . .        g - +0 ring mail
rPois   .            (no helmet)
rElec   .            (no cloak)
rCorr   .            (no gloves)
SInv    .            (no boots)
Will    .....        (no amulet)
Stlth   +            f - ring of protection from cold
HPRegen 0.24/turn    (no ring)
MPRegen 0.10/turn

%: no passive effects
@: no status effects
A: no striking features
a: no special abilities


You were on level 3 of the Dungeon.
You visited 1 branch of the dungeon, and saw 3 of its levels.

You collected 124 gold pieces.
You spent 60 gold pieces at shops.


   Skills:
 - Level 1.5 Fighting
 + Level 8.7 Ranged Weapons
 - Level 2.4 Dodging
 - Level 1.2 Stealth


You had 4 spell levels left.
You didn't know any spells.
Your spell library was empty.

Inventory:

Hand Weapons
 Y - a +1 shortbow (weapon)
Armour
 g - a +0 ring mail (worn)
Jewellery
 f - a ring of protection from cold (left hand)
Scrolls
 a - a scroll of blinking {unknown}
 b - 2 scrolls of identify
 d - 2 scrolls of teleportation {unknown}
Potions
 c - a potion of enlightenment
 h - a potion of brilliance {unknown}
 k - a potion of mutation {unknown}
 l - a potion of degeneration {unknown}

Dungeon Overview and Level Annotations

Branches:
Dungeon (3/15)

Altars:
Kikubaaqudgha

Shops:
D:3 !


Message History

You shoot an arrow. The arrow hits the worm!
You kill the worm!
You now have 64 gold pieces (gained 15).
An iguana comes into view.
The iguana hisses angrily.
Enter note:
Enter note:
Enter note:
Enter note:
Enter note:
Enter note: You shoot an arrow.
The arrow closely misses the iguana.
You shoot an arrow.
The arrow hits the iguana but does no damage.
The iguana hisses menacingly.
You shoot an arrow. The arrow hits the iguana.
The iguana is lightly wounded.
You shoot an arrow. The arrow closely misses the iguana.
You shoot an arrow.
The arrow hits the iguana but does no damage.
The iguana is lightly wounded.
The iguana bites you!
You shoot an arrow. The arrow hits the iguana.
The iguana is moderately wounded.
The iguana bites you.
You shoot an arrow. The arrow barely misses the iguana.
The iguana barely misses you. The iguana closely misses you.
You shoot an arrow. The arrow hits the iguana.
The iguana is heavily wounded.
The iguana bites you.
You shoot an arrow. The arrow closely misses the iguana.
The iguana barely misses you.
You shoot an arrow.
The arrow hits the iguana but does no damage.
The iguana is heavily wounded.
The iguana bites you!
You shoot an arrow. The arrow hits the iguana.
The iguana is almost dead.
The iguana bites you!
You die...

#.%... . #..... .##
#..... ..# #.....
#.# # #..... #.#
..#. #.#. #.#
#.##..#####..#
#l##..# #.<...[..#
##@##.#######..#..#
#.....#...##..##.#.
#........)...###...
#...........## #.##
..#+#...........#
#...
#................#
#.#.
#...............##
#..
#######...##...##
##########


You could see an iguana.

Vanquished Creatures
  A scorpion (D:3)
  5 adders (D:3)
  3 worms
  2 orcs (D:3)
  2 ball pythons (D:2)
  5 bats
  8 endoplasms
  3 giant cockroaches
  4 goblins
  5 hobgoblins
  3 quokkas
  4 frilled lizards
  3 kobolds
  2 rats
50 creatures vanquished.

Notes
Turn   | Place    | Note
-------+----------+-------------------------------------------
     0 | D:1      | qw the Deep Elf Hunter began the quest for the Orb.
     0 | D:1      | Reached XP level 1. HP: 12/12 MP: 3/3
     0 | D:1      | 0 ||| qw: Version: 0.3-a-9-g12657ce
     0 | D:1      | 0 ||| qw: Game counter: 2098
     0 | D:1      | 0 ||| qw: Always use a shield: true
     0 | D:1      | 0 ||| qw: God list: Okawaru
     0 | D:1      | 0 ||| qw: Allow faded altars: false
     0 | D:1      | 0 ||| qw: Do Orc after D:15 true
     0 | D:1      | 0 ||| qw: Do second Lair branch before Depths: true
     0 | D:1      | 0 ||| qw: Lair rune preference: random
     0 | D:1      | 0 ||| qw: Plans: Normal
     0 | D:1      | 0 ||| PLANNING D:1-11
   428 | D:1      | 428 ||| FLEEEEING.
   429 | D:1      | 429 ||| FLEEEEING.
   430 | D:1      | 430 ||| FLEEEEING.
   431 | D:1      | 431 ||| FLEEEEING.
   432 | D:1      | 432 ||| FLEEEEING.
   433 | D:1      | 433 ||| FLEEEEING.
   436 | D:1      | Reached XP level 2. HP: 13/16 MP: 4/4
   437 | D:1      | Reached skill level 6 in Ranged Weapons
   658 | D:1      | 658 ||| UPGRADING to +0 ring mail.
   668 | D:1      | 668 ||| DROPPING +0 leather armour.
   669 | D:1      | 669 ||| READING scroll labelled ASYULU PAXKOPS.
   670 | D:1      | 670 ||| READING scroll labelled HICA LEYSIGOSY.
   671 | D:1      | 671 ||| READING scroll labelled KINKEL JODWEE.
   672 | D:1      | 672 ||| READING 2 scrolls labelled KIUNONUSEC.
   673 | D:1      | 673 ||| READING scroll labelled QUSHRU ESCHI.
   674 | D:1      | 674 ||| DROPPING scroll of butterflies.
   675 | D:1      | 675 ||| DROPPING scroll of amnesia.
   701 | D:2      | 701 ||| STAIRDANCE
   923 | D:2      | Reached XP level 3. HP: 20/20 MP: 5/5
  1139 | D:2      | 1139 ||| UPGRADING to ring of protection from cold.
  1140 | D:2      | 1140 ||| READING scroll labelled BENWAU SUAMP.
  1141 | D:2      | 1141 ||| READING scroll labelled OTOAFO ROAW.
  1142 | D:2      | 1142 ||| READING scroll labelled SOKLIS FOEMESE.
  1143 | D:2      | 1143 ||| READING 2 scrolls of identify.
  1143 | D:2      | 1143 ||| IDENTIFYING coppery potion
  1151 | D:3      | Found an ancient bone altar of Kikubaaqudgha.
  1193 | D:3      | Reached skill level 7 in Ranged Weapons
  1199 | D:3      | Noticed a scorpion
  1207 | D:3      | Killed a scorpion
  1207 | D:3      | HP: 4/20 [poisoned by a scorpion]
  1208 | D:3      | Reached skill level 8 in Ranged Weapons
  1208 | D:3      | Reached XP level 4. HP: 5/25 MP: 6/6
  1208 | D:3      | 1208 ||| DRINKING potion of curing.
  1208 | D:3      | 1208 ||| (to cure poison)
  1328 | D:3      | Found Ugitosargha's Distillery.
  1332 | D:3      | Reached XP level 5. HP: 29/29 MP: 7/7
  1343 | D:3      | 1343 ||| BUYING potion of enlightenment (60 gold).
  1343 | D:3      | Bought a potion of enlightenment for 60 gold pieces
  1343 | D:3      | 1343 ||| SHOPLISTING potion of resistance (120 gold, have
                  | 13).
  1500 | D:3      | HP: 5/29 [iguana (9)]
  1501 | D:3      | Slain by an iguana

Levels and vault maps discovered:
D:1:      dpeg_arrival_three_same_balls, layout_basic
D:2:      layout_basic, kennysheep_another_room, minmay_misc_feat_tiny
D:3:      layout_rooms, good_gods_mini_temple,
          mainiacjoe_overflow_surrounded_room, mainiacjoe_overflow_tiny_flanked,
          serial_shops, shop, minmay_fractal_squares_diagonal_5

Skill      XL: |  1  2  3 |
---------------+----------+-----
Ranged Weapons | 6 8 |  8.7
Fighting       | |  1.5
Dodging        | |  2.4
Stealth        | |  1.2

Action                     |  1- 3 |  4- 6 || total
---------------------------+-------+-------++-------
   Fire: Shortbow          |    92 |    55 ||   147
    Use: Scroll            |     9 |       ||     9
         Potion            |       |     1 ||     1
 Armour: Ring mail         |     9 |     2 ||    11
  Dodge: Dodged            |    15 |    11 ||    26

Table legend:
 A = Non-vault XP
 B = Vault XP
 C = Vault XP percentage of total XP
 D = Non-vault monster count
 E = Vault monster count
 F = Vault count percentage of total count
                 A         B        C        D         E       F
            +---------+---------+-------+---------+---------+-------
      Total |     230 |      12 |   5.0 |      44 |       6 |  12.0
            +---------+---------+-------+---------+---------+-------
        D:1 |      20 |       0 |   0.0 |      12 |       0 |   0.0
        D:2 |      39 |       0 |   0.0 |      19 |       0 |   0.0
        D:3 |     171 |      12 |   6.6 |      13 |       6 |  31.6
            +---------+---------+-------+---------+---------+-------
